 Dungeon Crawl Stone Soup version 0.23.2-11-gf996548c65 (webtiles) character file.

Game seed: 6255837793368647454

18166 KristianNielsen the Cleaver (level 12, -5/112 HPs)
             Began as a Hill Orc Fighter on June 6, 2019.
             Was a Priest of the Shining One.
             Slain by an orc knight
             ... wielding a +0 battleaxe
              (10 damage)
             ... while paralysed
             ... on level 2 of the Orcish Mines.
             The game lasted 00:39:33 (10492 turns).

KristianNielsen the Cleaver (Hill Orc Fighter)     Turns: 10492, Time: 00:39:33

Health: -5/112     AC: 20    Str: 24    XL:     12   Next: 55%
Magic:  0/21       EV:  2    Int:  8    God:    the Shining One [***...]
Gold:   993        SH:  0    Dex: 10    Spells: 11/11 levels left

rFire    . . .     SeeInvis .   l - +0 battleaxe
rCold    . . .     Gourm    .   (shield currently unavailable)
rNeg     + + .     Faith    .   o - +0 plate armour
rPois    .         Spirit   +   g - +0 helmet
rElec    .         Reflect  .   (no cloak)
rCorr    .         Harm     .   r - +2 pair of gloves
MR       .....                  (no boots)
Stlth    ..........             m - amulet of guardian spirit
HPRegen  0.28/turn              b - ring of positive energy
MPRegen  0.17/turn              (no ring)

@: paralysed, divine shield, berserk cooldown, hasted and slowed, glowing
A: no striking features
a: Divine Shield, Renounce Religion


You were on level 2 of the Orcish Mines.
You worshipped the Shining One.
The Shining One was most pleased with you.
You were not hungry.

You visited 2 branches of the dungeon, and saw 11 of its levels.

You collected 1287 gold pieces.
You spent 294 gold pieces at shops.

Inventory:

Hand Weapons
 l - a +0 battleaxe (weapon)
Armour
 g - a +0 helmet (worn)
 o - a +0 plate armour (worn)
 r - a +2 pair of gloves (worn)
Jewellery
 b - a ring of positive energy (left hand)
 m - an amulet of guardian spirit (around neck)
Wands
 t - a wand of paralysis (12)
 F - a wand of iceblast (4)
 H - a wand of flame (13)
 L - a wand of polymorph (7)
Scrolls
 e - 3 scrolls of teleportation
 h - 3 scrolls of enchant weapon
 i - 2 scrolls of enchant armour
 n - 4 scrolls of remove curse
 p - 2 scrolls of identify
 w - a scroll of fog
 B - a scroll of amnesia
Potions
 a - 2 potions of curing
 d - 3 potions of might
 j - 2 potions of resistance {unknown}
 k - 3 potions of agility
 u - 4 potions of haste
 x - 2 potions of flight
 z - a potion of magic {unknown}
 A - 2 potions of lignification
 C - 2 potions of berserk rage
 D - a potion of ambrosia {unknown}
 E - a potion of brilliance {unknown}
 I - 2 potions of heal wounds
Comestibles
 f - 16 rations


   Skills:
 + Level 12.1 Fighting
 + Level 12.8 Axes
 + Level 11.2 Armour
   Level 3.7 Shields
 + Level 12.3 Invocations
 + Level 4.8 Evocations


You had 11 spell levels left.
You didn't know any spells.
Your spell library contained the following spells:

 Spells                   Type           Power        Failure   Level  Hunger
 Summon Small Mammal      Summ           #...         99%         1    ##.....
 Call Imp                 Summ           #.......     100%        2    ###....
 Call Canine Familiar     Summ           #.......     100%        3    ####...
 Summon Guardian Golem    Hex/Summ       #.......     100%        3    ####...
 Cause Fear               Hex            #.........   100%        4    #####..
 Summon Ice Beast         Ice/Summ       #.......     100%        4    #####..
 Summon Lightning Spire   Summ/Air       #.......     100%        4    #####..
 Silence                  Hex/Air        #.........   100%        5    ######.
 Yara's Violent Unravell  Hex/Tmut       #.........   100%        5    ######.
 Deflect Missiles         Chrm/Air       #.........   100%        6    #######
 Discord                  Hex            #.........   100%        8    #######


Dungeon Overview and Level Annotations

Branches:
Dungeon (9/15)             Temple (0/1) D:7            Lair (0/6) D:9
    Orc (2/2) D:9             Elf (0/3) Orc:2

Altars:
Dithmenos
Kikubaaqudgha
Nemelex Xobeh
The Shining One

Shops:
Orc:2 =!

Annotations:
D:7 exclusion: 2 downstairs


Message History

You slice the orc knight!!
The orc knight is severely wounded.
You slash the orc knight!
The orc knight is almost dead.
The orc knight hits you with a +0 battleaxe.
* * * LOW HITPOINT WARNING * * *
Your plate armour prevents you from hitting the orc knight.
The orc knight is almost dead.
You barely miss the orc knight.
The orc knight is almost dead.
The orc knight hits you with a +0 battleaxe!!
* * * LOW HITPOINT WARNING * * *
You are too berserk!
You feel a strong urge to attack something.
You are no longer berserk.
You pass out from exhaustion.
You feel yourself slow down.
The orc warrior no longer looks unusually strong.
The orc knight hits you with a +0 battleaxe!
You die...

**#..#######o###.###.#######.....
,,*,,*,,_,,#.# #.# #.#....∩#.....
,,*,,*,,,,,#.###.###.#.....#.....
,,*,,*,.,,,#.........#.....#.....
,,*,,**#'#*#.###.###.#.[)).#.....
+**,,,,....oo# #.# #.###'###.....
,,,,,,8...8..# #.# #...)))...)...
+**,,,,......###o###..##'###.....
,,*,,,,.....oo.o@.....#)().#.....
,,*,,**#.###.#######..#..).#.....
,,*,,* *,* #,* #..#...∩#.....
***,,***,***,******#..######.....
,,,,,,,,,,,,,,,,,,,..............
,,,,,,,,,,,,,,,,,,,..............
***************,....#............
* *#................. *
*..................


You could see 2 orc knights, an orc warrior and an orc.

Vanquished Creatures
  Harold (Orc:1)
  A two-headed ogre (D:8)
  An orc high priest (Orc:2)
  7 orc knights
  An orc sorcerer (Orc:1)
  Psyche (D:9)
  6 trolls
  Prince Ribbit (D:6)
  A hippogriff (D:5)
  A redback (Orc:1)
  A wyvern (D:9)
  8 yaks (D:9)
  A basilisk (D:9)
  4 vampire mosquitoes (D:8)
  7 wargs
  4 porcupines (D:9)
  A phantom (D:9)
  A sky beast (D:9)
  27 orc warriors
  An ice beast (D:6)
  19 ogres
  A black bear (D:6)
  2 centaurs
  4 crocodiles (D:9)
  3 big kobolds
  3 bullfrogs
  3 gnoll sergeants (D:9)
  3 scorpions
  5 wights (D:8)
  4 killer bees (D:7)
  2 howler monkeys (D:8)
  3 crimson imps (D:9)
  A centaur zombie (D:5)
  A jelly (D:6)
  A quasit (D:9)
  A bullfrog zombie (D:5)
  A bullfrog skeleton (D:6)
  4 hounds
  9 orc priests
  8 orc wizards
  A centaur skeleton (D:9)
  2 iguanas
  7 worker ants
  2 hound zombies
  A hound skeleton (D:4)
  Robin (D:3)
  7 gnolls
  3 howler monkey skeletons
  8 adders
  2 shadow imps (D:6)
  An ooze (D:1)
  An adder skeleton (D:7)
  A worm (D:2)
  A dart slug (D:3)
  2 leopard geckos
  64 orcs
  5 giant cockroaches
  10 goblins
  11 hobgoblins
  13 jackals
  11 kobolds
  2 quokkas
  2 ball pythons
  9 bats
  3 frilled lizards
  6 rats
330 creatures vanquished.

Notes
Turn   | Place    | Note
-------+----------+-------------------------------------------
     0 | D:1      | KristianNielsen the Hill Orc Fighter began the quest for
                  | the Orb.
     0 | D:1      | Reached XP level 1. HP: 19/19 MP: 1/1
    53 | D:1      | Reached XP level 2. HP: 22/27 MP: 2/2
   430 | D:1      | Reached XP level 3. HP: 30/33 MP: 3/3
   721 | D:2      | Found a sparkling altar of Nemelex Xobeh.
   877 | D:2      | Found a glowing golden altar of the Shining One.
   880 | D:2      | Became a worshipper of the Shining One
  1219 | D:3      | Reached XP level 4. HP: 40/40 MP: 4/4
  1351 | D:3      | Noticed Robin
  1371 | D:3      | Reached skill level 1 in Invocations
  1382 | D:3      | Killed Robin
  1736 | D:3      | Reached XP level 5. HP: 27/47 MP: 2/6
  1738 | D:3      | Reached skill level 1 in Evocations
  2069 | D:4      | Found a shadowy altar of Dithmenos.
  2559 | D:4      | Reached XP level 6. HP: 50/55 MP: 7/7
  2805 | D:5      | Entered Level 5 of the Dungeon
  2831 | D:5      | Reached skill level 5 in Fighting
  2940 | D:5      | Noticed a hippogriff
  2948 | D:5      | Killed a hippogriff
  2948 | D:5      | Reached skill level 5 in Axes
  2948 | D:5      | Reached XP level 7. HP: 55/61 MP: 5/9
  2970 | D:5      | Reached skill level 5 in Armour
  3067 | D:5      | Reached * piety under the Shining One
  3293 | D:5      | Reached XP level 8. HP: 70/70 MP: 11/11
  3668 | D:6      | Found Luexo's Antique Weapon Boutique.
  3747 | D:6      | Found an ancient bone altar of Kikubaaqudgha.
  3759 | D:6      | Reached skill level 5 in Invocations
  3990 | D:6      | Noticed Prince Ribbit
  4017 | D:6      | Killed Prince Ribbit
  4059 | D:6      | Reached XP level 9. HP: 72/79 MP: 13/13
  4104 | D:6      | Got a transparent brass ring
  4440 | D:8      | Noticed a two-headed ogre
  4835 | D:7      | Found a staircase to the Ecumenical Temple.
  5141 | D:7      | Identified the ring of Cemn {+Fly rC- MR- Str+3 Int+8} (You
                  | found it on level 6 of the Dungeon)
  5246 | D:8      | Reached ** piety under the Shining One
  5306 | D:8      | Killed a two-headed ogre
  5306 | D:8      | Reached XP level 10. HP: 59/90 MP: 14/16
  6144 | D:9      | Found a staircase to the Lair.
  6202 | D:9      | Reached skill level 10 in Axes
  6576 | D:9      | Noticed Psyche
  6584 | D:9      | Killed Psyche
  6584 | D:9      | Reached skill level 10 in Fighting
  6810 | D:9      | Got a smoking plate armour
  6822 | D:9      | Identified the cursed +1 plate armour "Kiost" {*Corrode
                  | rN++ SInv} (You found it on level 9 of the Dungeon)
  6882 | D:9      | Reached *** piety under the Shining One
  6910 | D:9      | Reached skill level 10 in Invocations
  6910 | D:9      | Reached XP level 11. HP: 68/100 MP: 12/18
  7486 | D:9      | Found a staircase to the Orcish Mines.
  7588 | Orc:1    | Entered Level 1 of the Orcish Mines
  7593 | Orc:1    | Noticed Harold
  7612 | Orc:1    | Killed Harold
  7612 | Orc:1    | Reached skill level 10 in Armour
  7924 | Orc:2    | Entered Level 2 of the Orcish Mines
  8338 | Orc:1    | Noticed an orc sorcerer
  8338 | Orc:1    | Noticed an orc knight
  8339 | Orc:1    | an orc sorcerer changed into a redback
  8361 | Orc:1    | Killed an orc knight
  8691 | Orc:1    | Noticed an orc sorcerer
  8703 | Orc:1    | Killed an orc sorcerer
  8972 | Orc:2    | Noticed an orc high priest
  8975 | Orc:2    | Noticed a soul eater
  8986 | Orc:2    | Killed an orc high priest
  8986 | Orc:2    | Reached XP level 12. HP: 60/110 MP: 13/20
  9217 | Orc:2    | Reached **** piety under the Shining One
  9460 | Orc:2    | Found Meusinap's Distillery.
  9803 | Orc:2    | Bought a potion of curing for 42 gold pieces
  9803 | Orc:2    | Bought a potion of heal wounds for 70 gold pieces
  9803 | Orc:2    | Bought a potion of heal wounds for 70 gold pieces
  9803 | Orc:2    | Bought a potion of heal wounds for 70 gold pieces
  9803 | Orc:2    | Bought a potion of curing for 42 gold pieces
  9805 | Orc:2    | Found Cuzot's Jewellery Shoppe.
 10152 | Orc:2    | Found a staircase to the Elven Halls.
 10487 | Orc:2    | HP: 6/168 [orc knight/+0 battleaxe (23)]
 10492 | Orc:2    | Slain by an orc knight

Skill      XL: |  1  2  3  4  5  6  7  8  9 10 11 12 |
---------------+-------------------------------------+-----
Axes           | 3 4 5 7 9 10 12 | 12.8
Fighting       | 4 5 7 8 10 11 12 | 12.1
Armour         | 4 5 6 8 9 10 11 | 11.2
Invocations    | 1 2 3 4 6 8 10 11 12 | 12.3
Evocations     | 1 2 3 4 |  4.8
Shields        | |  3.7

Action                   |  1- 3 |  4- 6 |  7- 9 | 10-12 || total
-------------------------+-------+-------+-------+-------++-------
Melee: War axe           |   100 |       |       |   228 ||   328
       Hand axe          |     1 |   151 |   261 |   257 ||   670
       Battleaxe         |       |       |       |    57 ||    57
Throw: Tomahawk          |     3 |       |       |       ||     3
Invok: Divine Shield     |       |       |       |     4 ||     4
Evoke: Wand              |       |       |    10 |    14 ||    24
  Use: Scroll            |       |     4 |       |    17 ||    21
       Potion            |       |       |       |    10 ||    10
  Eat: Chunk             |     1 |     5 |     9 |    10 ||    25
       Ration            |       |       |       |     2 ||     2
Armor: Scale mail        |    62 |    30 |       |       ||    92
       Chain mail        |       |    55 |   116 |    89 ||   260
       Plate armour      |       |       |       |   143 ||   143
Dodge: Dodged            |    37 |    35 |    45 |   117 ||   234
Block: Shield            |    60 |    68 |   101 |   250 ||   479
       Other             |       |       |       |     5 ||     5
